 Dungeon Crawl Stone Soup version 0.16-a0-715-g16937c4 (webtiles) character file.

132 PolkaDot the Vexing (level 4, -5/30 HPs)
             Began as a Vampire Enchanter on Sept 21, 2014.
             Killed by divine providence
             ... invoked by an orc priest
              (14 damage)
             ... on Level 4 of the Dungeon.
             The game lasted 00:09:13 (2774 turns).

PolkaDot the Vexing (Vampire Enchanter)             Turns: 2774, Time: 00:09:13

HP  -5/30        AC  3     Str  7      XL: 4   Next: 92%
MP   1/7         EV 12     Int 18      God:
Gold 159         SH  0     Dex 14      Spells:  3 memorised,  1 level left

rFire  . . .     SeeInvis +     a - +1 dagger
rCold  + + .     Clarity  .     b - +1 robe
rNeg   + + +     rCorr    .     (no shield)
rPois  +         rRot     +     (no helmet)
rElec  .         Spirit   .     (no cloak)
SustAb .         Warding  .     (no gloves)
rMut   .         Stasis   .     (no boots)
Gourm  .                        (no amulet)
MR     .....                    w - ring of flight
                                v - +4 ring of slaying

@: regenerating slowly, not resistant to hostile enchantments, stealthy
A: fangs 3, see invisible, unbreathing
a: Bat Form, Evoke Flight


You were on level 4 of the Dungeon.
You were near bloodless.

You visited 1 branch of the dungeon, and saw 4 of its levels.

You collected 159 gold pieces.

Inventory:

Hand weapons
 a - a +1 dagger (weapon)
Armour
 b - a +1 robe (worn)
Scrolls
 e - a scroll of blinking {unknown}
 g - a scroll of enchant armour {unknown}
 h - 4 scrolls of identify {unknown}
 k - 2 scrolls of enchant weapon {unknown}
 l - a scroll of amnesia {unknown}
 m - a scroll of fog {unknown}
 n - a scroll of teleportation {unknown}
 p - a scroll of recharging {unknown}
 q - a scroll of fear {unknown}
 r - a scroll of random uselessness {unknown}
 u - a scroll of remove curse {unknown}
Jewellery
 v - a +4 ring of slaying (left hand)
 w - a ring of flight (right hand)
Potions
 f - a potion of beneficial mutation {unknown}
 i - a potion of mutation {unknown}
 j - a potion of invisibility {unknown}
 s - 2 potions of degeneration {unknown}
 t - 2 potions of poison {unknown}
 x - a potion of agility {unknown}
Books
 c - a book of Maledictions

   Spells                             Type                      Level
   *Corona                            Hexes                        1
   Sure Blade                         Hexes/Charms                 2
   *Ensorcelled Hibernation           Hexes/Ice                    2
   *Confuse                           Hexes                        3
   Dazzling Spray                     Conjuration/Hexes            3
   Enslavement                        Hexes                        4
 o - a book of Annihilations {highlevel, unknown}

   This book is beyond your current level of understanding.

   Spells                             Type                      Level
   Poison Arrow                       Conjuration/Poison           6
   Chain Lightning                    Conjuration/Air              8
   Lehudib's Crystal Spear            Conjuration/Earth            8
   Glaciate                           Conjuration/Ice              9
   Fire Storm                         Conjuration/Fire             9


   Skills:
 + Level 2.5 Short Blades
 - Level 2.1 Dodging
 + Level 5.4 Stealth
 - Level 2.0 Spellcasting
 * Level 6.6 Hexes
 - Level 1.1 Ice Magic


You had one spell level left.
You knew the following spells:

 Your Spells              Type           Power        Failure   Level  Hunger
a - Corona                Hex            ####...      1%          1    #......
c - Confuse               Hex            ####....     3%          3    ####...
d - Ensorcelled Hibernat  Hex/Ice        ###...       8%          2    ##.....


Dungeon Overview and Level Annotations

Branches:
Dungeon (4/15)
 Temple: D:4-7

Altars:
Sif Muna


Innate Abilities, Weirdness & Mutations

You heal slowly.
You have razor-sharp teeth.
You have supernaturally acute eyesight.
You can survive without breathing.


Message History

The orc is moderately wounded.
You barely miss the orc.
The orc is moderately wounded.
The orc closely misses you.
You hit the orc.
The orc is moderately wounded.
You hit the orc.
You kill the orc!
The quokka barely misses you.
Casting: Confuse
Confirm with . or Enter, or press ? or * to list all spells.
Aiming: Ensorcelled Hibernation
Press: ? - help, Shift-Dir - straight line, f - orc
Aim: an orc The orc looks drowsy...
* * * LOW MAGIC WARNING * * *
The quokka barely misses you.
The orc priest invokes the aid of Beogh against you.
Something smites you!
You die...

#...o#.....
.#########..#........
..........?..)........
#####.......r.##.##.
#o####$.### #.#
#..####.#. #.#
#......... #o#
#%.###..#.
##@####..###..#..
#.......r....<).......
#####..#.####.###..#..
...........# #
###.######### #. #. #.


You could see an orc priest, an orc (sleeping) and a quokka.

Vanquished Creatures
  4 adders
  2 giant mites
  3 worms (D:2)
  A giant gecko (D:2)
  An ooze (D:2)
  3 orcs
  7 giant cockroaches
  8 goblins
  8 hobgoblins
  3 jackals (D:2)
  A quokka (D:3)
  9 bats
  2 giant newts
  2 kobolds (D:2)
  7 rats
61 creatures vanquished.

Notes
Turn   | Place    | Note
--------------------------------------------------------------
     0 | D:1      | PolkaDot, the Vampire Enchanter, began the quest for the Orb.
     0 | D:1      | Reached XP level 1. HP: 13/13 MP: 3/3
   268 | D:1      | Reached XP level 2. HP: 19/19 MP: 2/4
   348 | D:1      | Reached skill level 5 in Hexes
   383 | D:1      | Learned a level 2 spell: Ensorcelled Hibernation
   919 | D:2      | Reached XP level 3. HP: 16/24 MP: 1/6
  1006 | D:2      | Learned a level 3 spell: Confuse
  1565 | D:2      | Reached skill level 1 in Ice Magic
  1699 | D:2      | Reached skill level 6 in Hexes
  1745 | D:2      | Reached XP level 4. HP: 26/30 MP: 7/7
  1752 | D:2      | Reached skill level 5 in Stealth
  2521 | D:3      | Found a deep blue altar of Sif Muna.
  2774 | D:4      | Killed from afar by an orc priest

Action                   |  1- 3 |  4- 6 || total
-------------------------+-------+-------++-------
Melee: Dagger            |   108 |    44 ||   152
 Cast: Corona            |     3 |       ||     3
       Ensorcelled Hiber |    18 |     8 ||    26
       Confuse           |       |     1 ||     1
 Stab: Sleeping          |    20 |    15 ||    35
       Distracted        |     1 |       ||     1
